 Dungeon Crawl Stone Soup version 0.21.1-1-g345015fe64 (webtiles) character file.

22633 GotenAND the Severer (level 12, -4/106 HPs)
             Began as a Deep Dwarf Fighter on July 6, 2018.
             Was the Champion of Makhleb.
             Slain by a meliai
             ... wielding a +0 hand axe
              (12 damage)
             ... on level 14 of the Dungeon.
             The game lasted 00:29:56 (8714 turns).

GotenAND the Severer (Deep Dwarf Fighter)           Turns: 8714, Time: 00:29:56

Health: -4/106     AC:  6    Str: 25    XL:     12   Next: 64%
Magic:  8/8        EV:  6    Int:  9    God:    Makhleb [******]
Gold:   795        SH: 15    Dex: 12    Spells: 22/22 levels left

rFire    . . .     SeeInvis +   m - +3 war axe (freeze)
rCold    + . .     Gourm    .   c - +0 shield
rNeg     . . .     Faith    .   e - +3 plate armour
rPois    .         Spirit   .   a - +2 helmet
rElec    .         Reflect  +   B - +0 cloak
rCorr    .         Harm     .   j - +0 pair of gloves
MR       +....                  (no boots)
Stlth    ..........             k - +3 amulet of reflection
HPRegen  0.00/turn              v - +6 ring of protection
MPRegen  0.11/turn              b - ring of protection from cold

@: lethally poisoned (-4 -> -33), corroded, non-regenerating
A: damage resistance, heal wounds, talons 1, see invisible, sense surroundings
2, no regeneration
a: Heal Wounds, Minor Destruction, Lesser Servant of Makhleb, Major Destruction,
Greater Servant of Makhleb, Renounce Religion


You were on level 14 of the Dungeon.
You worshipped Makhleb.
Makhleb was exalted by your worship.
You were hungry.

You visited 1 branch of the dungeon, and saw 14 of its levels.

You collected 795 gold pieces.

Inventory:

Hand Weapons
 m - a +3 war axe of freezing (weapon)
 w - a +1 war axe
 C - a +1 broad axe
Armour
 a - a +2 helmet (worn)
 c - a +0 shield (worn)
 e - a +3 plate armour (worn)
 j - a +0 pair of gloves (worn)
 B - a +0 cloak (worn)
Jewellery
 b - a ring of protection from cold (right hand)
 k - a +3 amulet of reflection (around neck)
 v - a +6 ring of protection (left hand)
 G - a +4 ring of protection
Scrolls
 i - 7 scrolls of remove curse
 o - 2 scrolls of magic mapping
Potions
 d - 2 potions of might
 h - 2 potions of heal wounds
 l - 2 potions of flight
 n - 5 potions of haste
 r - 3 potions of curing
Books
 g - a book of Maledictions

   Spells                             Type                      Level
   a - Corona                         Hexes                        1
   b - Ensorcelled Hibernation        Hexes/Ice                    2
   c - Confuse                        Hexes                        3
   d - Tukima's Dance                 Hexes                        3
   e - Dazzling Spray                 Conjuration/Hexes            3
 s - a book of Flames

   Spells                             Type                      Level
   a - Flame Tongue                   Conjuration/Fire             1
   b - Throw Flame                    Conjuration/Fire             2
   c - Conjure Flame                  Conjuration/Fire             3
   d - Inner Flame                    Hexes/Fire                   3
   e - Sticky Flame                   Conjuration/Fire             4
   f - Fireball                       Conjuration/Fire             5
 t - a book of Necromancy

   Spells                             Type                      Level
   a - Pain                           Necromancy                   1
   b - Animate Skeleton               Necromancy                   1
   c - Vampiric Draining              Necromancy                   3
   d - Regeneration                   Charms/Necromancy            3
   e - Animate Dead                   Necromancy                   4
   f - Borgnjor's Vile Clutch         Necromancy/Earth             5
 u - a book of Frost

   Spells                             Type                      Level
   a - Freeze                         Ice                          1
   b - Throw Frost                    Conjuration/Ice              2
   c - Ozocubu's Armour               Charms/Ice                   3
   d - Throw Icicle                   Conjuration/Ice              4
   e - Summon Ice Beast               Ice/Summoning                4
 y - a book of Debilitation

   Spells                             Type                      Level
   a - Corona                         Hexes                        1
   b - Slow                           Hexes                        2
   c - Inner Flame                    Hexes/Fire                   3
   d - Portal Projectile              Hexes/Translocation          3
   e - Cause Fear                     Hexes                        4
   f - Leda's Liquefaction            Hexes/Earth                  4
 z - a book of Beasts

   Spells                             Type                      Level
   a - Summon Butterflies             Summoning                    1
   b - Call Canine Familiar           Summoning                    3
   c - Summon Ice Beast               Ice/Summoning                4
   d - Summon Mana Viper              Hexes/Summoning              5
   e - Summon Hydra                   Summoning                    7
 A - a book of Transfigurations

   Spells                             Type                      Level
   a - Irradiate                      Conjuration/Transmutation    5
   b - Statue Form                    Transmutation/Earth          6
   c - Hydra Form                     Transmutation                6
   d - Dragon Form                    Transmutation                7
 H - a book of Minor Magic

   Spells                             Type                      Level
   a - Magic Dart                     Conjuration                  1
   b - Blink                          Translocation                2
   c - Call Imp                       Summoning                    2
   d - Slow                           Hexes                        2
   e - Conjure Flame                  Conjuration/Fire             3
   f - Mephitic Cloud                 Conjuration/Poison/Air       3
Comestibles
 f - 21 rations


   Skills:
 + Level 6.6 Fighting
 * Level 15.6 Axes
 * Level 10.4 Armour
 + Level 8.8 Shields
 - Level 5.6 Spellcasting
 * Level 4.3 Invocations


You had 22 spell levels left.
You didn't know any spells.

Dungeon Overview and Level Annotations

Branches:
Dungeon (14/15)            Temple (0/1) D:4            Lair (0/6) D:9
    Orc (0/2) D:9          Vaults (0/5) D:13

Altars:
Dithmenos
Elyvilon
Fedhas
Kikubaaqudgha
Makhleb
Nemelex Xobeh
Ru
Xom
Yredelemnul
The Shining One

Shops:
D:9 %   D:13 %

Portals:
Trove: D:13 (give +6 ice dragon scales)
Bailey: D:8

Annotations:
D:14 Frances


Innate Abilities, Weirdness & Mutations

You are resistant to damage.
You can heal yourself by infusing magical energy.
You passively map the area around you.
You do not regenerate.
You have sharp toenails.
You have supernaturally acute eyesight. (SInv)


Message History

* * * LOW HITPOINT WARNING * * *
The ynoxinul barely misses you.
You are too injured to fight recklessly!
Unknown command.
You are too injured to fight recklessly!
Unknown command.
You are too injured to fight recklessly!
You are too injured to fight recklessly!
Unknown command.
You are too injured to fight recklessly!
You miss the meliai. You claw the meliai, but do no damage.
You barely miss the rust devil. You hit the meliai but do no damage.
You completely miss the ynoxinul. You slash the meliai! You freeze the meliai.
You completely miss Frances.
* * * LOW HITPOINT WARNING * * *
You feel very sick.
You block the meliai's attack. x4; The meliai hits you but does no damage.
The meliai stings you but does no damage.
You block the rust devil's attack. The meliai hits you with a hand axe!
You die...

, #.# .# ,* *
.##.####.#..#.....# *,*,
............#.....# ,
.##......##.#.....###
.##.........#....... , ,
.........##.#.!...######*
, ,
.........#......3.......
,,,*,
.#.............4y@......,
###.....###.##.y@y...#***,
* ........+.......#3#..# *
* ###.....###.###.#.# # ,
#.....###.###.#.# , *
#.....##......#.# , ,
####..........#.., , ** *
##.........### * , ,,**
#.........# * *,, * *
#.....#.#.# *


You could see Frances, a rust devil, a smoke demon, a ynoxinul and 3 meliai.

Vanquished Creatures
  An ice dragon (D:13)
  2 two-headed ogres
  A death knight (D:12)
  A phantasmal warrior (D:12)
  A necromancer (D:13)
  Pikel (D:6)
  A deep elf mage (D:13)
  A cyclops (D:13)
  2 ugly things
  2 manticores
  Joseph (D:9)
  2 centaur skeletons
  2 gargoyles
  A kobold demonologist (D:12)
  A redback zombie (D:13)
  2 freezing wraiths (D:12)
  2 ice devils (D:12)
  4 trolls
  A polar bear (D:12)
  2 tengu conjurers (D:13)
  The ghost of Buyout the Firebug, an amateur HOFE (D:5)
  A hornet (D:10)
  2 hippogriffs
  A centaur simulacrum (D:12)
  A vampire (D:14)
  4 shadows
  13 yaks
  4 hogs (D:7)
  A wraith (D:12)
  3 hungry ghosts
  A human (D:7)
  2 wargs (D:9)
  Menkaure (D:7)
  An acid dragon (D:14)
  A water moccasin (D:10)
  A porcupine (D:9)
  9 orc warriors
  2 sky beasts
  Duvessa (D:7)
  7 ice beasts
  2 black bears
  3 slaves (D:6)
  2 necrophages
  2 phantoms
  2 centaurs
  An eye of draining (D:12)
  A wolf (D:12)
  5 ogres
  6 bullfrogs
  A gnoll sergeant (D:8)
  A water moccasin zombie (D:8)
  Dowan (D:7)
  2 scorpions
  7 killer bees
  2 electric eels (D:12)
  12 wights
  11 howler monkeys
  2 crimson imps
  2 bullfrog zombies
  A centaur zombie (D:7)
  4 jellies
  A bullfrog skeleton (D:12)
  5 orc priests
  2 hounds
  Ijyb (D:4)
  2 iguanas
  18 orc wizards
  10 worker ants
  2 bullfrog simulacra (D:12)
  A howler monkey zombie (D:10)
  A worker ant zombie (D:10)
  13 gnolls
  2 howler monkey skeletons
  8 adders
  2 shadow imps
  4 white imps (D:12)
  An ooze (D:3)
  3 worms
  A dart slug (D:2)
  8 leopard geckos
  59 orcs
  7 bats
  2 giant cockroaches
  11 goblins
  5 hobgoblins
  10 jackals
  2 quokkas
  A ball python (D:3)
  7 frilled lizards
  A giant cockroach zombie (D:5)
  8 kobolds (D:1)
  2 leopard gecko zombies (D:7)
  A quokka skeleton (D:5)
  9 rats
  A fungus (D:9)
369 creatures vanquished.

Vanquished Creatures (others)
  An orc warrior (D:12)
  5 fungi (D:9)
6 creatures vanquished.

Grand Total: 375 creatures vanquished

Notes
Turn   | Place    | Note
-------+----------+-------------------------------------------
     0 | D:1      | GotenAND the Deep Dwarf Fighter began the quest for the Orb.
     0 | D:1      | Reached XP level 1. HP: 20/20 MP: 1/1
   331 | D:1      | Reached XP level 2. HP: 17/27 MP: 2/2
   727 | D:1      | Reached XP level 3. HP: 33/33 MP: 3/3
   954 | D:2      | Found a sacrificial altar of Ru.
  1067 | D:2      | Reached skill level 3 in Axes
  1450 | D:3      | Reached XP level 4. HP: 33/40 MP: 2/4
  1666 | D:3      | Found a burning altar of Makhleb.
  1668 | D:3      | Found a white marble altar of Elyvilon.
  1672 | D:3      | Became a worshipper of Makhleb the Destroyer
  2084 | D:3      | Gained mutation: You have supernaturally acute eyesight. (SInv) [potion of mutation]
  2084 | D:3      | Gained mutation: You have sharp toenails. [potion of mutation]
  2113 | D:4      | Found a shadowy altar of Dithmenos.
  2234 | D:4      | Noticed an ogre
  2242 | D:4      | Killed an ogre
  2242 | D:4      | Reached skill level 4 in Axes
  2242 | D:4      | Reached skill level 1 in Spellcasting
  2242 | D:4      | Reached XP level 5. HP: 41/49 MP: 4/4
  2334 | D:4      | Reached * piety under Makhleb
  2342 | D:4      | Reached XP level 6. HP: 33/56 MP: 4/6
  2362 | D:4      | Found a blossoming altar of Fedhas.
  2447 | D:4      | Reached skill level 5 in Axes
  2509 | D:4      | Noticed Ijyb
  2520 | D:4      | Killed Ijyb
  2663 | D:4      | Found a staircase to the Ecumenical Temple.
  2716 | D:5      | Entered Level 5 of the Dungeon
  3147 | D:5      | Noticed Buyout's ghost (amateur HOFE)
  3147 | D:5      | Reached XP level 7. HP: 51/62 MP: 5/5
  3163 | D:5      | Reached skill level 6 in Axes
  3169 | D:5      | Reached skill level 5 in Armour
  3174 | D:5      | Killed Buyout's ghost
  3318 | D:6      | Noticed Pikel
  3323 | D:6      | Reached skill level 7 in Axes
  3337 | D:6      | Paralysed by Pikel for 2 turns
  3344 | D:6      | Killed Pikel
  3344 | D:6      | Reached skill level 8 in Axes
  3344 | D:6      | Reached XP level 8. HP: 54/72 MP: 6/6
  3374 | D:6      | Reached skill level 5 in Shields
  3376 | D:6      | Reached ** piety under Makhleb
  3393 | D:6      | Found a basalt altar of Yredelemnul.
  3784 | D:7      | Reached skill level 9 in Axes
  3833 | D:7      | Gained mutation: You passively map the area around you. [Deep Dwarf growth]
  3833 | D:7      | Reached XP level 9. HP: 78/78 MP: 6/6
  3855 | D:7      | Found a glowing golden altar of the Shining One.
  3888 | D:7      | Found an ancient bone altar of Kikubaaqudgha.
  3942 | D:7      | Noticed Menkaure
  3948 | D:7      | Killed Menkaure
  4001 | D:7      | Noticed Duvessa
  4001 | D:7      | Noticed Dowan
  4008 | D:7      | Killed Duvessa
  4015 | D:7      | Killed Dowan
  4109 | D:7      | Reached skill level 10 in Axes
  4136 | D:7      | Found a sparkling altar of Nemelex Xobeh.
  4371 | D:8      | Reached skill level 11 in Axes
  4372 | D:8      | Reached *** piety under Makhleb
  4453 | D:8      | Noticed a two-headed ogre
  4469 | D:8      | Killed a two-headed ogre
  4469 | D:8      | Reached XP level 10. HP: 48/87 MP: 7/9
  4470 | D:8      | Found a flagged portal.
  4876 | D:9      | Found a staircase to the Orcish Mines.
  4879 | D:9      | Reached skill level 12 in Axes
  4899 | D:9      | Noticed Joseph
  4917 | D:9      | Killed Joseph
  4965 | D:9      | Reached skill level 5 in Fighting
  5016 | D:9      | Reached **** piety under Makhleb
  5240 | D:9      | Found a staircase to the Lair.
  5330 | D:9      | Found Huohud's Food Shop.
  5447 | D:9      | Reached skill level 13 in Axes
  5586 | D:10     | Entered Level 10 of the Dungeon
  5630 | D:10     | Reached XP level 11. HP: 94/96 MP: 10/10
  5799 | D:10     | Reached skill level 5 in Spellcasting
  6138 | D:11     | Reached ***** piety under Makhleb
  6361 | D:11     | Reached skill level 14 in Axes
  6613 | D:11     | Noticed a red ugly thing
  6622 | D:11     | Killed a red ugly thing
  6819 | D:12     | Noticed a sun demon
  7007 | D:12     | Noticed a green ugly thing
  7015 | D:12     | Killed a green ugly thing
  7024 | D:12     | Noticed a six-headed hydra
  7125 | D:12     | Found a shimmering altar of Xom.
  7135 | D:12     | Noticed a two-headed ogre
  7145 | D:12     | Killed a two-headed ogre
  7145 | D:12     | Reached skill level 1 in Invocations
  7232 | D:12     | Reached XP level 12. HP: 105/105 MP: 11/11
  7510 | D:12     | Noticed a death knight
  7538 | D:12     | Killed a death knight
  7573 | D:12     | Reached skill level 15 in Axes
  7726 | D:13     | Found Leson's Food Shop.
  7817 | D:13     | Reached skill level 10 in Armour
  8168 | D:13     | Reached ****** piety under Makhleb
  8311 | D:13     | Noticed an ice dragon
  8342 | D:13     | HP: 4/106 [ice dragon (7)]
  8345 | D:13     | Killed an ice dragon
  8364 | D:13     | Found a gate to the Vaults.
  8436 | D:13     | Found a portal to a secret trove of treasure.
  8697 | D:14     | Noticed Frances
  8714 | D:14     | Slain by a meliai

Skill      XL: |  1  2  3  4  5  6  7  8  9 10 11 12 |
---------------+-------------------------------------+-----
Axes           | 3 4 5 8 9 11 13 14 15 | 15.6
Armour         | 4 5 6 7 8 9 10 | 10.4
Fighting       | 3 4 5 6 |  6.6
Shields        | 4 5 6 8 |  8.8
Spellcasting   | 1 2 3 4 5 |  5.6
Invocations    | 1 4 |  4.3

Action                   |  1- 3 |  4- 6 |  7- 9 | 10-12 || total
-------------------------+-------+-------+-------+-------++-------
Melee: War axe           |   147 |   168 |   205 |   729 ||  1249
       Kick              |       |    33 |    57 |   231 ||   321
 Abil: Heal Wounds       |     2 |     6 |    10 |    24 ||    42
  Use: Scroll            |     2 |     6 |     8 |    13 ||    29
       Potion            |       |     1 |       |     1 ||     2
  Eat: Chunk             |     2 |     4 |     6 |    18 ||    30
       Ration            |       |       |       |     1 ||     1
Armor: Scale mail        |    28 |       |       |       ||    28
       Ring mail         |    15 |    28 |       |       ||    43
       Plate armour      |       |    59 |   150 |   404 ||   613
Dodge: Dodged            |    46 |    24 |    56 |   145 ||   271
Block: Shield            |    86 |    82 |   139 |   559 ||   866
       Reflection        |       |       |       |    16 ||    16
